Map: 資料C

Players

Cure - Winner!

  • Race: Terran Terran
  • League: Master
  • Spawn Location: 3:00

Rex

  • Race: Zerg Zerg
  • League: Diamond
  • Spawn Location: 9:00

Event: HomeStory Cup XXII

VOD

Have the link to the VOD?

Description

Time

  • Played on: Dec. 16, 2022, 6:50 a.m.
  • Length: 16:03

All games in this series

Show
View Real Time Build Order
Export as new Build Order

Cure Terran - Winner!

Build Orders: Reaper Expand, Hellion Banshee 

Get SALT Encoding   

  12  0:00  SCV  
  13  0:12  SCV  
  14  0:16  Supply Depot  
  14  0:24  SCV  
  15  0:38  SCV  
  15  0:40  Barracks  
  16  0:43  Refinery  
  16  0:50  SCV  
  17  1:02  SCV  
  18  1:14  SCV  
  19  1:26  Reaper  
  19  1:27  Orbital Command  
  20  1:39  Command Center  
  20  1:47  Supply Depot  
  20  1:52  SCV  
  21  1:58  Marine  
  22  2:04  SCV  
  23  2:11  Factory  
  23  2:16  SCV, Marine  
  25  2:28  SCV  
  25  2:29  Refinery  
  26  2:34  Barracks Reactor  
  26  2:41  SCV  
  27  2:53  SCV, Orbital Command  
  27  2:58  Hellion, Starport  
  30  3:05  SCV  
  31  3:17  SCV  
  31  3:19  Barracks Tech Lab  
  32  3:21  Command Center  
  32  3:23  SCV  
  33  3:29  SCV  
  33  3:31  Hellion x2  
  38  3:36  SCV  
  38  3:37  Supply Depot  
  39  3:41  SCV  
  39  3:43  Banshee  
  39  3:47  Cloaking Field  
  43  3:49  SCV  
  43  3:53  SCV, Barracks Tech Lab  
  45  4:01  Supply Depot, SCV  
  46  4:04  Hellion  
  46  4:05  Hellion  
  46  4:07  SCV  
  51  4:13  SCV, Marine  
  53  4:23  SCV  
  54  4:25  SCV  
  54  4:26  Banshee  
  54  4:27  Hellion  
  54  4:28  Hellion  
  54  4:29  Supply Depot  
  62  4:33  Orbital Command  
  62  4:36  SCV  
  62  4:37  SCV  
  64  4:40  Marine  
  64  4:41  Stimpack  
  65  4:49  SCV x2  
  67  4:56  Orbital Command  
  67  4:57  Barracks x2, Factory Reactor  
  68  5:01  SCV  
  68  5:03  SCV, Refinery  
  68  5:04  Refinery, Marine  
  68  5:05  Supply Depot  
  70  5:10  Engineering Bay  
  70  5:11  Engineering Bay  
  70  5:17  SCV x2  
  72  5:22  SCV  
  72  5:23  Marine  
  72  5:25  Starport Reactor  
  74  5:29  Barracks, SCV x2  
  74  5:30  Barracks  
  74  5:35  SCV  
  77  5:37  Missile Turret  
  77  5:40  Missile Turret  
  77  5:41  SCV, Missile Turret  
  78  5:46  Missile Turret  
  78  5:49  Marine  
  78  5:50  Marine x2  
  78  5:52  Terran Infantry Armor Level 1, Terran Infantry Weapons Level 1  
  78  5:55  Factory Reactor  
  78  5:56  SCV x2  
  78  5:57  SCV  
  84  6:01  Supply Depot  
  84  6:08  Marine x5  
  84  6:09  Medivac  
  91  6:11  Medivac  
  91  6:15  Barracks Reactor  
  91  6:17  Barracks Reactor  
  93  6:22  Combat Shield  
  93  6:23  SCV x3  
  96  6:29  Barracks Reactor, Marine x4  
  96  6:30  Marine  
  101  6:36  SCV x2  
  101  6:44  Widow Mine x2  
  101  6:51  Supply Depot  
  101  6:53  Supply Depot, Armory  
  101  6:55  SCV, Marine x5  
  101  6:59  SCV x2  
  105  7:01  Marine x2  
  105  7:07  SCV  
  108  7:11  SCV  
  108  7:12  Factory, Marine x5  
  108  7:14  Refinery  
  108  7:15  Supply Depot, Refinery, SCV  
  115  7:16  Supply Depot  
  115  7:22  Widow Mine x2  
  119  7:23  Supply Depot  
  119  7:27  Supply Depot  
  119  7:28  Supply Depot, SCV x2  
  119  7:29  SCV  
  121  7:31  Marine x3  
  123  7:38  Marine x4  
  127  7:50  Marine x4  
  124  7:52  Medivac x2, Widow Mine x2, Marine  
  124  7:56  Marine x4  
  128  8:01  SCV x3  
  127  8:08  Missile Turret, Terran Infantry Weapons Level 2, Marine x4  
  127  8:10  Marine  
  127  8:12  Terran Infantry Armor Level 2  
  126  8:14  Marine x2  
  128  8:20  SCV  
  128  8:21  SCV x2  
  125  8:34  SCV x3  
  125  8:37  Command Center  
  125  8:38  Medivac x2  
  129  8:44  Thor  
  129  8:45  Widow Mine x2  
  139  8:51  Terran Vehicle And Ship Armor Level 1  
  139  8:55  Marine x4  
  139  8:56  Marauder  
  139  8:59  SCV x3  
  148  9:07  Barracks  
  148  9:09  Barracks  
  142  9:12  Barracks  
  142  9:17  Marauder, Marine x4  
  148  9:27  Supply Depot  
  148  9:28  Marine x3  
  149  9:36  Missile Turret  
  149  9:48  Widow Mine, Marauder, Marine  
  149  9:49  Sensor Tower  
  156  9:57  Marine x4  
  158  10:02  Missile Turret  
  158  10:06  Missile Turret  
  157  10:08  Factory Tech Lab, Widow Mine  
  157  10:10  SCV x3, Marauder  
  158  10:22  SCV x3  
  159  10:28  Missile Turret  
  159  10:31  Missile Turret  
  159  10:33  Thor, Widow Mine, Drilling Claws  
  159  10:34  Widow Mine  
  159  10:35  Terran Infantry Weapons Level 3, Terran Infantry Armor Level 3  
  169  10:36  Missile Turret  
  169  10:52  Marauder, Marine x4  
  169  10:53  Marine  
  172  10:57  Planetary Fortress  
  172  11:04  Marine  
  172  11:05  SCV  
  172  11:09  Supply Depot  
  172  11:11  Supply Depot x3  
  172  11:18  Missile Turret  
  172  11:24  Terran Vehicle And Ship Armor Level 2  
  172  11:28  Command Center, Missile Turret, Barracks Tech Lab x3  
  172  11:30  SCV, Missile Turret, Marine x6  
  172  11:32  Medivac x2, Marauder, Widow Mine  
  189  11:33  Widow Mine  
  189  11:34  Supply Depot  
  189  11:37  Thor  
  195  11:41  Marine x2  
  195  11:48  Marine  
  199  11:54  Widow Mine x2, Marauder  
  199  11:55  Missile Turret  
  199  11:56  Missile Turret  
  199  12:00  Marine  
  186  12:43  Command Center  
  186  12:45  Marauder x2, Marine x4  
  184  12:51  Marine x2  
  184  12:52  Marauder x2, Marine x2  
  184  12:53  Thor  
  184  12:54  Widow Mine  
  200  13:00  Concussive Shells  
  200  13:02  Marine x2  
  191  13:06  Marauder  
  191  13:08  Marauder, Marine x2  
  191  13:09  Marine x2  
  192  13:13  Marauder  
  192  13:14  Marine x2  
  192  13:15  Marauder  
  192  13:19  Widow Mine x2  
  200  13:30  Marauder, Marine x2  
  181  13:42  Widow Mine x3  
  181  13:45  Marine x4  
  181  13:46  Marauder x2, Planetary Fortress  
  195  13:51  Marauder x2, Marine  
  200  13:59  Command Center  
  198  14:03  Widow Mine  
  198  14:05  Missile Turret  
  198  14:13  Marine x2  
  191  14:25  Missile Turret  
  191  14:27  Missile Turret  
  191  14:28  Missile Turret  
  191  14:29  Marauder x2, Marine x4  
  197  14:38  SCV x3, Planetary Fortress  
  200  14:43  Command Center  
  200  14:44  Command Center  
  192  14:55  Widow Mine x3  
  192  14:59  Marauder x2, Marine x2  
  200  15:04  Hi-Sec Auto Tracking  
  199  15:18  Marauder, Marine x3  
  189  15:35  Marine x4  
  189  15:36  Marauder x2  
  189  15:40  Marine x3  
Show
View Real Time Build Order
Export as new Build Order

Rex Zerg 

Build Orders: Pool First 

Get SALT Encoding   

  12  0:00  Drone  
  13  0:12  Overlord  
  13  0:17  Drone  
  14  0:30  Drone x2  
  14  0:34  Drone  
  17  0:44  Spawning Pool  
  17  0:47  Drone  
  17  1:08  Hatchery  
  16  1:11  Drone  
  16  1:13  Extractor  
  16  1:21  Drone  
  17  1:30  Queen  
  17  1:31  Zergling x2  
  20  1:35  Drone  
  21  1:40  Overlord  
  21  1:54  Drone  
  21  2:00  Drone  
  25  2:10  Drone  
  25  2:11  Queen  
  26  2:18  Metabolic Boost  
  26  2:20  Queen  
  26  2:22  Drone  
  29  2:25  Drone  
  30  2:33  Drone x2  
  32  2:41  Drone x2  
  32  2:43  Drone  
  35  2:44  Drone  
  35  2:50  Overlord  
  35  3:09  Hatchery  
  34  3:13  Lair  
  34  3:16  Zergling x4  
  36  3:20  Drone  
  36  3:22  Drone x2  
  36  3:26  Drone  
  40  3:30  Drone x3  
  40  3:33  Extractor  
  42  3:34  Extractor  
  42  3:38  Overlord  
  41  3:42  Drone x2  
  41  3:46  Overlord  
  43  3:58  Drone  
  43  3:59  Drone x5  
  43  4:01  Drone  
  50  4:08  Zergling x2  
  50  4:09  Zergling x4  
  52  4:14  Spire  
  51  4:20  Queen  
  53  4:25  Overlord  
  53  4:29  Overseer  
  53  4:31  Spore Crawler, Drone  
  53  4:33  Drone x2  
  53  4:34  Drone  
  56  4:41  Drone x2  
  56  4:44  Overlord  
  58  4:46  Zergling x6  
  58  4:47  Zergling x2  
  62  4:54  Drone x4  
  66  5:02  Drone x3  
  66  5:03  Drone  
  66  5:04  Overlord  
  70  5:15  Overlord x2  
  70  5:24  Queen  
  70  5:25  Overlord x2  
  70  5:28  Extractor x2  
  70  5:36  Mutalisk  
  70  5:37  Mutalisk x5  
  70  5:38  Mutalisk  
  70  5:42  Drone x2  
  85  5:44  Drone  
  85  5:45  Drone  
  85  5:47  Drone x2  
  85  5:49  Drone  
  90  5:51  Drone x2  
  90  5:55  Zerg Flyer Weapons Level 1  
  90  5:58  Zergling x6  
  93  6:06  Zergling x12  
  99  6:12  Zergling x4  
  99  6:17  Zergling x8  
  105  6:24  Zergling x10  
  110  6:34  Zergling x2  
  110  6:35  Zergling x4  
  110  6:37  Baneling Nest  
  107  6:40  Hatchery  
  107  6:44  Mutalisk x4  
  110  6:51  Drone x3  
  110  6:53  Evolution Chamber  
  112  7:00  Mutalisk x3  
  115  7:03  Drone x3  
  115  7:07  Mutalisk  
  115  7:08  Mutalisk  
  122  7:10  Overlord  
  122  7:14  Overlord  
  122  7:21  Centrifugal Hooks  
  122  7:29  Baneling x7  
  121  7:41  Zergling x10  
  121  7:42  Zergling x6  
  122  7:54  Zergling x2  
  122  7:55  Zergling x14  
  125  8:07  Mutalisk  
  125  8:08  Mutalisk x4  
  125  8:11  Drone  
  128  8:14  Drone x3  
  128  8:16  Overlord  
  129  8:29  Mutalisk x3  
  129  8:32  Overlord x5  
  135  8:38  Drone x3  
  135  8:40  Overseer  
  134  8:41  Pneumatized Carapace  
  134  8:48  Zergling x16  
  137  8:50  Zerg Melee Weapons Level 1  
  137  8:53  Zergling x14  
  148  8:56  Drone  
  148  9:01  Zergling x2  
  150  9:05  Zergling x6, Extractor  
  150  9:06  Baneling x9  
  150  9:07  Baneling x2  
  152  9:14  Baneling x4  
  152  9:15  Zergling x2  
  152  9:16  Zergling x6  
  147  9:30  Drone x5  
  150  9:33  Spore Crawler  
  150  9:34  Extractor  
  150  9:35  Zergling x2  
  150  9:38  Drone x5  
  147  9:42  Zerg Flyer Weapons Level 2  
  147  9:44  Hatchery  
  146  9:45  Zergling x2, Drone  
  146  9:50  Baneling x13  
  148  9:58  Zergling x12  
  154  10:03  Baneling x6  
  154  10:05  Drone  
  155  10:09  Mutalisk  
  157  10:17  Zergling x22  
  157  10:20  Overlord x2  
  157  10:21  Overlord, Evolution Chamber  
  167  10:27  Mutalisk x3  
  171  10:35  Baneling x3  
  171  10:36  Baneling x6  
  171  10:40  Drone x7  
  176  10:46  Zergling x12  
  181  10:55  Zergling x10  
  176  10:57  Zerg Melee Weapons Level 2  
  176  10:58  Zerg Ground Armor Level 1  
  176  11:01  Infestation Pit  
  175  11:07  Zergling x6  
  174  11:12  Drone x3  
  174  11:13  Drone x2, Hatchery  
  174  11:14  Drone  
  174  11:16  Drone x2  
  181  11:23  Burrow  
  181  11:24  Zergling x16  
  189  11:30  Baneling  
  189  11:31  Baneling x14  
  189  11:41  Zergling x18  
  198  11:48  Hive  
  198  11:55  Zergling x6  
  198  11:59  Hatchery  
  198  12:00  Baneling x15  
  198  12:03  Extractor  
  197  12:08  Hydralisk Den  
  197  12:10  Baneling x12  
  194  12:18  Baneling x6  
  194  12:26  Mutalisk  
  174  12:33  Zergling x24  
  174  12:34  Zergling x16  
  185  12:38  Mutalisk  
  185  12:39  Mutalisk x2  
  185  12:40  Baneling  
  185  12:41  Baneling x2  
  185  12:42  Zergling x2  
  189  12:44  Zergling x6  
  189  12:51  Zergling x12  
  189  12:55  Lurker Den  
  187  12:58  Zergling x10  
  180  13:09  Mutalisk x4  
  181  13:22  Zergling x32  
  195  13:32  Zergling x18  
  199  13:38  Zergling x2  
  187  13:42  Zergling x2  
  187  13:46  Adrenal Glands  
  187  13:47  Zergling x2, Drone  
  190  13:49  Zerg Missile Weapons Level 1  
  190  13:55  Baneling x7  
  190  13:56  Hydralisk x2  
  190  13:57  Hydralisk  
  194  14:09  Mutalisk x3  
  195  14:13  Seismic Spines  
  197  14:19  Zergling x4  
  197  14:21  Baneling x6  
  196  14:24  Lurker  
  195  14:41  Lurker x2  
  195  14:42  Hatchery  
  191  14:51  Mutalisk x4  
  187  14:53  Drone x2  
  187  14:54  Drone x3  
  187  14:55  Extractor  
  187  14:57  Zergling x18  
  200  15:01  Baneling x8  
  200  15:06  Baneling  
  173  15:25  Zergling x14  
  173  15:26  Zergling x26  
  177  15:33  Baneling x21  
  171  15:38  Zergling x2  
  171  15:39  Zergling x10, Baneling x3  
  167  15:43  Baneling x3  
Tags
 
Add a new tag
Caveats
  • Supply blocks, unpowered buildings, or Contaminate may cause inaccurate times.
  • Supply counts are checked every 10 seconds.